 Dungeon Crawl Stone Soup version 0.28.0-45-g0d030f2227 (webtiles) character file.

Game seed: 5146720261408097508

8129 NinjaNoafa the Changer (level 11, -2/86 HPs)
             Began as a Black Draconian Transmuter on Apr 6, 2022.
             Was a Priest of Qazlal.
             Killed themself with a badly aimed orb of electricity (7 damage)
             ... on level 10 of the Dungeon.
             The game lasted 00:40:20 (11703 turns).

NinjaNoafa the Changer (DrTm)                      Turns: 11703, Time: 00:40:20

Health: -2/86      AC:  9    Str: 23    XL:     11   Next: 5%
Magic:  17/20      EV: 14    Int: 16    God:    Qazlal [***...]
Gold:   393        SH:  4    Dex: 11    Spells: 14/22 levels left

rFire   . . .      SeeInvis .   a - +8 hunting sling of Eternal Night {freeze, Will+ rCorr MP-9 Str+4}
rCold   x . .      Faith    +   (no shield)
rNeg    + + .      Spirit   .   (armour unavailable)
rPois   .          Reflect  .   q - +1 hat
rElec   +          Harm     .   t - scarf {repulsion}
rCorr   +          Rampage  .   (no gloves)
Will    +....                   v - +0 pair of boots "Lurroec" {rC- rN++ MP+9 Str+2}
Stlth   +.........              F - amulet of faith
HPRegen 0.24/turn               r - ring of resist corrosion
MPRegen 0.17/turn               (no ring)

@: invisible, repel missiles
A: breathe lightning, AC +7, unfitting armour, electricity resistance,
cold-blooded, strong 1
a: Breathe Lightning, Renounce Religion, Upheaval, Elemental Force


You were on level 10 of the Dungeon.
You worshipped Qazlal.
Qazlal was most pleased with you.
You visited 2 branches of the dungeon, and saw 11 of its levels.

You collected 530 gold pieces.
You spent 137 gold pieces at shops.

Inventory:

Hand Weapons
 a - the +8 hunting sling of Eternal Night (weapon) {freeze, Will+ rCorr MP-9 Str+4}
   (You found it on level 2 of the Dungeon)

   Any ammunition fired from it freezes those it strikes, dealing additional
   cold damage.
   It can also slow down cold-blooded creatures.
   Str:       It affects your strength (+4).
   MP:        It affects your magic capacity (-9).
   rCorr:     It protects you from acid and corrosion.
   Will:      It increases your willpower.
 e - the +8 quarterstaff "Earthworm" {vorpal, rC+ Int+2 Dex-5}
   (You found it on level 8 of the Dungeon)

   It inflicts extra damage upon your enemies.
   Int:       It affects your intelligence (+2).
   Dex:       It affects your dexterity (-5).
   rC:        It protects you from cold.
 h - a +2 dagger of protection
 o - a +5 dire flail
 p - a +4 shortbow
 s - a +3 quarterstaff of chaos
 y - a +1 whip of flaming
Missiles
 j - 149 stones
 k - 30 poisoned darts
 m - 27 sling bullets (quivered ammo)
 x - 3 throwing nets
 B - 4 boomerangs
 D - 186 arrows
Armour
 q - a +1 hat (worn)
 t - a scarf of repulsion (worn)
 v - the +0 pair of boots "Lurroec" (worn) {rC- rN++ MP+9 Str+2}
   (You found it on level 4 of the Dungeon)

   Str:       It affects your strength (+2).
   rC:        It makes you vulnerable to cold.
   rN:        It greatly protects you from negative energy.
   MP:        It affects your magic capacity (+9).
 E - a +0 cloak
Magical Staves
 b - a staff of cold
Jewellery
 r - a ring of resist corrosion (left hand)
 F - an amulet of faith (around neck)
Wands
 c - a wand of mindburst (28)
 d - a wand of polymorph (11)
 n - a wand of acid (1)
 O - a wand of flame (3)
Scrolls
 i - a scroll of summoning
 l - a scroll of fear
 w - 2 scrolls of magic mapping
 A - a scroll of noise
 C - 2 scrolls of enchant weapon
 G - a scroll of vulnerability {unknown}
 I - 2 scrolls of teleportation
 L - 4 scrolls of fog
Potions
 f - 2 potions of brilliance
 g - a potion of curing
 u - a potion of invisibility
 H - a potion of ambrosia {unknown}
 K - a potion of attraction {unknown}
 M - 3 potions of degeneration {unknown}


   Skills:
 - Level 5.0 Fighting
 - Level 3.0 Short Blades
 - Level 5.1 Staves
 - Level 4.0 Slings
 - Level 6.0 Dodging
 - Level 3.2 Unarmed Combat
 - Level 6.0 Spellcasting
 + Level 3.8 Necromancy
 + Level 6.5 Transmutations
 + Level 5.8 Ice Magic
 - Level 4.0 Invocations
 - Level 5.0 Evocations


You had 14 spell levels left.
You knew the following spells:

 Your Spells              Type           Power      Damage    Failure   Level
a - Beastly Appendage     Tmut           50%        N/A       1%          1
b - Wereblood             Tmut           25%        N/A       1%          2
c - Pain                  Necr           68%        1d7       2%          1
d - Animate Skeleton      Necr           34%        N/A       2%          1
e - Frozen Ramparts       Ice            46%        1d6       3%          3

Your spell library contained the following spells:

 Spells                   Type           Power      Damage    Failure   Level
 Vampiric Draining        Necr           17%        2d7       9%          3
 Spider Form              Tmut/Pois      15%        N/A       11%         3
 Ice Form                 Ice/Tmut       24%        N/A       11%         4
 Animate Dead             Necr           8%         N/A       28%         4
 Gell's Gravitas          Tloc           4%         N/A       38%         3
 Lesser Beckoning         Tloc           4%         N/A       38%         3
 Teleport Other           Tloc           4%         N/A       38%         3
 Hailstorm                Conj/Ice       14%        3d5       38%         4
 Summon Ice Beast         Ice/Summ       14%        N/A       38%         4
 Simulacrum               Ice/Necr       10%        N/A       96%         6
 Haunt                    Necr/Summ      5%         N/A       100%        7
 Infestation              Necr           8%         N/A       100%        8


Dungeon Overview and Level Annotations

Branches:
Dungeon (10/15)            Temple (1/1) D:7
   Lair: D:8-11         Orc: D:9-12

Altars:
Ashenzari
Cheibriados
Dithmenos
Elyvilon
Fedhas
Gozag
Hepliaklqana
Kikubaaqudgha
Makhleb
Nemelex Xobeh
Okawaru
Qazlal
Ru
Sif Muna
Trog
Uskayaw
Vehumet
Wu Jian
Xom
Yredelemnul
Zin
The Shining One

Shops:
D:2 ?   D:5 ?   D:9 (


Innate Abilities, Weirdness & Mutations

You can breathe wild blasts of lightning.
Your glossy black scales are hard. (AC +7)
You cannot fit into any form of body armour.
You are resistant to electric shocks. (rElec)
You are cold-blooded and may be slowed by cold attacks.
Your muscles are strong. (Str +2)


Message History

You hear a shout!
An orc and an orc priest come into view.
The orc is wielding a +1 falchion of holy wrath.
The orc priest calls down the wrath of Beogh upon you.
Beogh smites you!
* * * LOW HITPOINT WARNING * * *
You see here a sling bullet.
You feel better.
An orc comes into view. It is wielding a +0 flail.
A wraith comes into view.
It was a potion of invisibility.
You fade into invisibility!
The orc priest invokes the aid of Beogh against you.
Beogh smites you!
* * * LOW HITPOINT WARNING * * *
The orc barely misses you. The wraith hits you.
* * * LOW HITPOINT WARNING * * *
You feel better. The orc closely misses you. The wraith closely misses you.
The orc priest mumbles some strange prayers to Beogh against you.
Pain shoots through your body!
* * * LOW HITPOINT WARNING * * *
Aiming: Upheaval
Press: ? - help, Dir - move target, f/p - orc warrior
Aim: an orc warrior, wielding a +0 vorpal war axe and wearing a +0 plate armour A storm cloud blasts the area with cutting wind!
The cutting wind hits the wraith!
The wraith is moderately damaged.
The cutting wind hits the orc priest!!
You kill the orc priest!
Qazlal accepts your kill.
The cutting wind hits the orc warrior!
The orc warrior is heavily wounded.
The wraith hits you.
* * * LOW HITPOINT WARNING * * *
Activating: Breathe Lightning (3% risk of failure)
Press: ? - help, Dir - look around, f - activate Look: a wraith (moderately damaged)
You breathe a wild blast of lightning!
The orb of electricity explodes!
The orb of electricity engulfs you! You resist.
You die...

#. ##.###
##...<##
#......##
#.......##+#
#####......##
##.......#.
#..§....)..
#.@o..##...
###W.......
##.)...##...
#...o..## ..
##.(...(# .
#†.###..(.
#....((.#
#....
#...##(...
.... #..
#...... ...


You could see a wraith and 2 orcs.

Vanquished Creatures
  Harold (D:7)
  A two-headed ogre (D:9)
  Pikel (D:5)
  An ugly thing (D:10)
  A komodo dragon (D:9)
  A hornet (D:8)
  Grinder (D:6)
  Prince Ribbit (D:7)
  Sigmund (D:3)
  A wraith (D:9)
  4 yaks
  A wyvern (D:9)
  A human (D:8)
  2 steam dragons
  3 hogs (D:8)
  An acid dragon (D:9)
  A water moccasin (D:7)
  A black bear (D:4)
  An ogre (D:6)
  2 ice beasts (D:6)
  2 necrophages
  3 centaurs
  A phantom (D:7)
  2 kobold brigands (D:9)
  4 bullfrogs
  2 water moccasin skeletons
  8 wights
  An electric eel (D:9)
  2 howler monkeys
  2 bullfrog zombies
  5 centaur zombies
  3 hounds
  A jelly (D:7)
  Crazy Yiuf (D:5)
  A centaur skeleton (D:7)
  6 orc priests
  A gnoll shaman (D:8)
  Jessica (D:2)
  Ijyb (D:5)
  Terence (D:2)
  2 iguanas
  6 orc wizards
  A killer bee zombie (D:8)
  A centaur simulacrum (D:9)
  A hound zombie (D:5)
  A howler monkey zombie (D:10)
  5 gnolls
  6 adders
  A shadow imp (D:3)
  A white imp (D:5)
  2 adder skeletons (D:4)
  A worm (D:3)
  2 dart slugs (D:1)
  17 orcs
  8 ball pythons
  8 endoplasms
  8 goblins
  8 hobgoblins
  4 jackals
  3 quokkas
  7 bats
  5 frilled lizards
  9 kobolds
  9 rats
  A spectral orc (D:8)
192 creatures vanquished.

Vanquished Creatures (others)
  A gnoll (D:8)
  9 plants (D:2)
10 creatures vanquished.

Grand Total: 202 creatures vanquished

Notes
Turn   | Place    | Note
-------+----------+-------------------------------------------
     0 | D:1      | NinjaNoafa the Draconian Transmuter began the quest for the
                  | Orb.
     0 | D:1      | Reached XP level 1. HP: 16/16 MP: 3/3
   315 | D:1      | Reached XP level 2. HP: 22/23 MP: 5/5
   930 | D:1      | Found a faded altar of an unknown god.
  1031 | D:1      | Reached XP level 3. HP: 28/29 MP: 6/6
  1343 | D:2      | Noticed Jessica
  1350 | D:2      | Killed Jessica
  1598 | D:2      | Noticed Terence
  1605 | D:2      | Reached XP level 4. HP: 36/36 MP: 8/8
  1621 | D:2      | Killed Terence
  1804 | D:2      | Reached skill level 1 in Short Blades
  2077 | D:2      | Found Wugourgho's Magic Scroll Shoppe.
  2092 | D:2      | Bought a scroll of identify for 20 gold pieces
  2092 | D:2      | Bought a scroll of identify for 20 gold pieces
  2141 | D:2      | Reached XP level 5. HP: 32/42 MP: 9/9
  2145 | D:2      | Identified the +8 hunting sling of Eternal Night {freeze,
                  | Will+ rCorr MP-9 Str+4}
  2660 | D:3      | Noticed Sigmund
  2671 | D:3      | Killed Sigmund
  2672 | D:3      | Reached skill level 1 in Slings
  2672 | D:3      | Reached XP level 6. HP: 39/50 MP: 1/10
  2815 | D:3      | Found a glowing silver altar of Zin.
  2816 | D:3      | Found a sacrificial altar of Ru.
  2817 | D:3      | Found a basalt altar of Yredelemnul.
  2817 | D:3      | Found an ancient bone altar of Kikubaaqudgha.
  2819 | D:3      | Found a broken altar of Ashenzari.
  2820 | D:3      | Found a stormy altar of Qazlal.
  2843 | D:3      | Became a worshipper of Qazlal Stormbringer
  3317 | D:4      | Identified the +2 robe "Inetriad" {rPois Dex+3}
  3384 | D:4      | Your scales start taking on a glossy black colour.
  3384 | D:4      | Reached XP level 7. HP: 54/57 MP: 2/12
  3384 | D:4      | Gained mutation: You are resistant to electric shocks.
                  | (rElec) [Black Draconian growth]
  3539 | D:4      | Reached * piety under Qazlal
  3780 | D:4      | Identified the +0 pair of boots "Lurroec" {rC- rN++ MP+9
                  | Str+2}
  3932 | D:5      | Entered Level 5 of the Dungeon
  4139 | D:5      | Reached skill level 1 in Invocations
  4192 | D:5      | Noticed Ijyb
  4202 | D:5      | Killed Ijyb
  4244 | D:5      | Reached skill level 1 in Evocations
  4249 | D:5      | Noticed Pikel
  4276 | D:5      | Killed Pikel
  4277 | D:5      | Reached XP level 8. HP: 30/63 MP: 13/13
  4719 | D:5      | Found Laoty's Magic Scroll Shop.
  4722 | D:5      | Bought a scroll of enchant weapon for 97 gold pieces
  4972 | D:5      | Found a runed translucent door.
  4973 | D:5      | Noticed Crazy Yiuf
  4985 | D:5      | Killed Crazy Yiuf
  5210 | D:6      | Reached skill level 1 in Staves
  5690 | D:6      | Noticed Grinder
  5694 | D:6      | Paralysed by Grinder for 3 turns
  5699 | D:6      | Killed Grinder
  5728 | D:6      | Reached XP level 9. HP: 70/70 MP: 12/14
  6011 | D:7      | Found a staircase to the Ecumenical Temple.
  6024 | Temple   | Entered the Ecumenical Temple
  6430 | D:7      | Identified the +7 chain mail of Insatiable Hunger {Harm
                  | rCorr Dex+4}
  6461 | D:7      | Reached skill level 5 in Ice Magic
  6469 | D:7      | HP: 3/70 [poisoned by a water moccasin]
  6921 | D:7      | Learned a level 2 spell: Wereblood
  6984 | D:7      | Reached skill level 5 in Evocations
  7616 | D:7      | Noticed Harold
  7650 | D:7      | Killed Harold
  7975 | D:7      | Noticed Prince Ribbit
  8000 | D:7      | Killed Prince Ribbit
  8186 | D:7      | Reached ** piety under Qazlal
  8396 | D:8      | Reached skill level 5 in Dodging
  8412 | D:8      | Reached XP level 10. HP: 21/80 MP: 16/16
  8690 | D:8      | Identified the +8 quarterstaff "Earthworm" {vorpal, rC+
                  | Int+2 Dex-5}
  8883 | D:8      | Reached skill level 5 in Transmutations
  8984 | D:8      | Reached skill level 5 in Fighting
  9425 | D:8      | Reached skill level 1 in Necromancy
  9428 | D:8      | Reached skill level 5 in Spellcasting
  9678 | D:8      | Found a hazy altar of Hepliaklqana.
  9911 | D:9      | Gained mutation: Your muscles are strong. (Str +2) [potion
                  | of mutation]
  9914 | D:9      | Learned a level 1 spell: Pain
  9916 | D:9      | Learned a level 1 spell: Animate Skeleton
 10276 | D:9      | Reached skill level 5 in Staves
 10488 | D:9      | Reached *** piety under Qazlal
 10669 | D:9      | Found Fumuire's Weapon Boutique.
 10888 | D:9      | Found a runed translucent door.
 11099 | D:9      | Noticed a two-headed ogre
 11119 | D:9      | Killed a two-headed ogre
 11650 | D:10     | Entered Level 10 of the Dungeon
 11668 | D:10     | Learned a level 3 spell: Frozen Ramparts
 11669 | D:10     | Noticed a red ugly thing
 11681 | D:10     | Killed a red ugly thing
 11682 | D:10     | Reached XP level 11. HP: 21/86 MP: 16/20
 11703 | D:10     | Killed themself with a badly aimed orb of electricity

Illustrated notes

Levels and vault maps discovered:
D:1:      minmay_arrival_stair_chambers, layout_basic,
          shapermc_ecumenical_altar_hornbeckon, corexii_hall_statues_deadend
D:2:      layout_loops_ring, serial_shops, nicolae_shop_crystal,
          chequers_big_river, hangedman_decor_push, minmay_misc_feat_columns,
          minmay_fractal_squares_gapless_5, uniq_terence, uniq_jessica
D:3:      layout_rooms, grunt_temple_overflow_open, uniq_sigmund
D:4:      layout_basic, kennysheep_generic_room_2
D:5:      layout_loops_ring, serial_shops, kennysheep_mini_moat, uniq_ijyb,
          uniq_pikel, uniq_crazy_yiuf_cottage
D:6:      layout_rooms, minivault_22, kennysheep_generic_room_8, uniq_grinder
D:7:      layout_loops_ring, minmay_temple_entry_glassed_door, uniq_harold,
          uniq_prince_ribbit1
D:8:      layout_cave_pools, nicolae_hepliaklqana_monster_ancestors,
          grunt_livestock
D:9:      layout_roguey, serial_shops, nicolae_shop_bloodbath_and_beyond,
          chequers_serial_rivers_micro_e, minmay_st_funbox, serial_bayou_pond_b
D:10:     layout_cave_pools, dk_noncrumbling_3
Temple:   regret_index_temple_generic_petals

Skill      XL: |  1  2  3  4  5  6  7  8  9 10 |
---------------+-------------------------------+-----
Dodging        | 2 3 5 6 |  6.0
Fighting       | 2 3 4 5 |  5.0
Short Blades   | 1 2 3 |  3.0
Transmutations | 3 4 6 |  6.5
Spellcasting   | 3 4 6 |  6.0
Slings         | 1 2 3 4 |  4.0
Invocations    | 3 4 |  4.0
Evocations     | 2 4 5 |  5.0
Ice Magic      | 2 4 5 |  5.8
Staves         | 2 3 5 |  5.1
Necromancy     | 3 |  3.8
Unarmed Combat | |  3.2

Action                   |  1- 3 |  4- 6 |  7- 9 | 10-12 || total
-------------------------+-------+-------+-------+-------++-------
Melee: Unarmed           |    94 |    11 |     5 |       ||   110
       Tailslap          |    13 |    11 |    26 |    17 ||    67
       Punch             |     1 |     4 |     7 |     1 ||    13
       Kick              |     3 |    15 |    17 |     7 ||    42
       Headbutt          |     3 |     9 |    12 |     2 ||    26
       Dagger            |     6 |    82 |    33 |       ||   121
       Hunting sling     |       |     5 |       |       ||     5
       Staff             |       |       |   159 |    17 ||   176
       Quarterstaff      |       |       |    15 |   112 ||   127
       Whip              |       |       |     6 |       ||     6
 Fire: Hunting sling     |       |    57 |   100 |    51 ||   208
       Shortbow          |       |       |     1 |       ||     1
Throw: Dart              |     1 |     1 |       |       ||     2
 Cast: Beastly Appendage |     5 |     6 |     6 |     2 ||    19
       Pain              |       |       |       |     7 ||     7
       Frozen Ramparts   |       |       |       |     1 ||     1
Invok: Upheaval          |       |       |       |     2 ||     2
 Abil: Breathe Lightning |       |       |       |     3 ||     3
  Use: Scroll            |       |     4 |     5 |     4 ||    13
       Potion            |       |       |    11 |    12 ||    23
Armor: Skin              |    33 |    50 |    85 |    70 ||   238
Dodge: Dodged            |    71 |    58 |   153 |   106 ||   388
       Repelled          |     1 |       |     1 |     3 ||     5
Block: Other             |       |       |    13 |    24 ||    37
